AoeStats
← JustClus

Glade

510302418Analyzed
1v1 RM · 7h ago on Sep 30, 2026· 39m 19s· 2 players
Game mode
Random Map
Map size
Tiny (2 player)
Population
200
Speed
Normal
Resources
Standard
Victory
Conquest
Starting age
Dark Age
Ending age
Imperial Age
RankedLock teamsTeams togetherTeam positionsShared explorationLock speedFull tech treeHidden civsTurbo modeCheats
Victory
Defeat
🇹🇷 Spanish · Türkiye
1035
+17
🇸🇰 Britons · Slovakia
1057
-17
JustClus
5:29 Loom
11:26 Feudal Age
16:19 Castle Age
15:28 Horse Collar
15:35 Double-Bit Axe
26:24 Heavy Plow
26:20 Elite Skirmisher
27:09 Padded Archer Armor
27:02 Fletching
31:04 Imperial Age
30:02 Leather Archer Armor
29:42 Bodkin Arrow
dominko
7:26 Loom
9:50 Feudal Age
10:17 Double-Bit Axe
13:28 Fletching
21:05 Castle Age
19:11 Horse Collar
23:07 Crossbowman
24:00 Bodkin Arrow
24:06 Padded Archer Armor
24:37 Bow Saw
27:13 Wheelbarrow
26:23 Town Watch
27:59 Gold Mining
33:21 Gold Shaft Mining
36:33 Imperial Age
35:18 Ballistics
36:59 Scale Barding Armor
37:10 Leather Archer Armor
Connection lost

Rejoining the realm…

Still unreachable

The connection could not be restored.

Session expired

The server has moved on; the page needs a fresh start.